details: 'nad solo apm check'

« prev index next »

General information

Mini Map

Players

team 1
Random» NightElfReGesus (yellow | 78 APM | 772 actions | 09:51)
Hero icon 2 Dark Ranger
Ability icon 1 Black Arrow
Ability icon 1 Silence
Hero icon 1 Priestess of the Moon
Ability icon 1 Searing Arrows

» actions
Assign group hotkey21
Basic commands60
Build / train32
ESC pressed2
Enter build submenu11
Enter hero's abilities submenu3
Right click314
Select / deselect171
Select group hotkey121
Use ability37
772 total
» units
Wisp8
Archer12
Huntress3
23 total
» buildings
Moon Well4
Altar of Elders1
Ancient of War1
Tree of Ages3
Hunter's Hall1
Tree of Eternity1
Ancient of Lore2
13 total
» build order
00:12 Moon Well
00:29 Altar of Elders
00:43 Ancient of War
01:17 Moon Well
01:49 Moon Well
02:57 Moon Well
03:21 Tree of Ages
03:21 Tree of Ages
03:21 Tree of Ages
05:14 Hunter's Hall
07:45 Tree of Eternity
08:02 Ancient of Lore
08:05 Ancient of Lore
team 2
OrcnaDMAN (orange | 157 APM | 1564 actions | 09:56)
Hero icon 3 Blademaster
Ability icon 2 Wind Walk
Ability icon 1 Critical Strike
Hero icon 1 Shadow Hunter
Ability icon 1 Healing Wave

» actions
Assign group hotkey10
Basic commands23
Build / train33
Enter build submenu10
Enter hero's abilities submenu4
Right click796
Select / deselect161
Select group hotkey475
Use ability52
1564 total
» units
Peon7
Grunt6
Raider3
16 total
» upgrades
Ensnare1
1 total
» buildings
Altar of Storms1
Orc Burrow3
Barracks1
Voodoo Lounge1
Stronghold2
War Mill1
Beastiary2
11 total
» build order
00:06 Altar of Storms
00:13 Orc Burrow
00:49 Barracks
01:29 Orc Burrow
01:57 Voodoo Lounge
02:54 Stronghold
02:54 Stronghold
04:06 Orc Burrow
04:10 War Mill
05:18 Beastiary
08:42 Beastiary
» items
Healing Salve3
Scroll of Speed2
Lesser Clarity Potion1
6 total